 Dungeon Crawl Stone Soup version 0.19.0 (webtiles) character file.

88 CanadianGator the Charmwright (level 4, -1/30 HPs)
             Began as an Octopode Skald on Nov 16, 2016.
             Was an Initiate of Nemelex Xobeh.
             Slain by Tiruin's ghost (5 damage)
             ... on level 3 of the Dungeon.
             The game lasted 00:09:05 (2803 turns).

CanadianGator the Charmwright (Octopode Skald)      Turns: 2803, Time: 00:09:06

Health: -1/30      AC:  1    Str: 11    XL:     4   Next: 53%
Magic:  8/8        EV: 13    Int: 14    God:    Nemelex Xobeh [......]
Gold:   174        SH:  0    Dex: 12    Spells: 2 memorised, 5 levels left

rFire  . . .     SeeInvis .       - Unarmed
rCold  + . .     Gourm    .     (no shield)
rNeg   . . .     Faith    .     (helmet restricted)
rPois  .         Spirit   .     (no amulet)
rElec  .         Reflect  .     h - ring of loudness (curse)
rCorr  .         Harm     .     i - ring of protection from cold
MR     .....                    (no ring)
Stlth  ++........               (no ring)
                                (no ring)
                                (no ring)
                                (no ring)
                                (no ring)

@: no status effects
A: almost no armour, stealthy swim, amphibious, 8 rings, constrict 8, camouflage
1, gelatinous body 1
a: Renounce Religion


You were on level 3 of the Dungeon.
You worshipped Nemelex Xobeh.
Nemelex Xobeh was noncommittal.
You were hungry.

You visited 1 branch of the dungeon, and saw 3 of its levels.

You collected 174 gold pieces.

Inventory:

Jewellery
 h - a cursed ring of loudness (left tentacle)
 i - a ring of protection from cold (right tentacle)
Scrolls
 d - a scroll of enchant armour
 k - a scroll of teleportation {unknown}
 m - a scroll of enchant weapon {unknown}
 n - a scroll of identify {unknown}
 p - a scroll of recharging {unknown}
Potions
 c - a potion of lignification {unknown}
 e - a potion of agility {unknown}
 f - a potion of curing {unknown}
 g - a potion of cure mutation
 l - a potion of mutation {unknown}
 o - 2 potions of heal wounds {unknown}
Books
 a - a book of Battle

   Spells                             Type                      Level
   a - Infusion                       Charms                       1
   b - Shroud of Golubria             Charms/Translocation         2
   c - Song of Slaying                Charms                       2
   d - Spectral Weapon                Hexes/Charms                 3
   e - Regeneration                   Charms/Necromancy            3
Miscellaneous
 q - a plain deck of escape {drawn: 1}
Comestibles
 b - 4 bread rations
 j - a slice of pizza


   Skills:
 * Level 2.7 Fighting
 * Level 2.4 Dodging
 + Level 2.0 Stealth
 * Level 2.2 Unarmed Combat
 * Level 2.6 Spellcasting
 + Level 3.1 Charms


You had 5 spell levels left.
You knew the following spells:

 Your Spells              Type           Power        Failure   Level  Hunger
a - Infusion              Chrm           ##..         10%         1    #......
b - Song of Slaying       Chrm           ##......     12%         2    ###....


Dungeon Overview and Level Annotations

Branches:
Dungeon (3/15)

Altars:
Gozag
Nemelex Xobeh

Annotations:
D:3 Tiruin's ghost, amateur FoGl


Innate Abilities, Weirdness & Mutations

You cannot wear most types of armour.
You are very stealthy in the water. (Stealth+)
You are amphibious.
You can wear up to eight rings at the same time.
You can use your tentacles to constrict eight enemies at once.
Your skin changes colour to match your surroundings (Stealth+).
Your rubbery body absorbs attacks. (AC +1, EV +1)


Message History

Unknown command.
Tiruin's ghost turns its malevolent gaze towards you.
Tiruin's ghost grins evilly.
Okay, then.
You tentacle-slap Tiruin's ghost but do no damage.
You tentacle-slap Tiruin's ghost, but do no damage.
Tiruin's ghost barely misses you.
You barely miss Tiruin's ghost. Your squeeze misses Tiruin's ghost.
Tiruin's ghost misses you.
You tentacle-slap Tiruin's ghost.
Tiruin's ghost is lightly damaged.
Tiruin's ghost hits you!
* * * LOW HITPOINT WARNING * * *
It was a potion of cure mutation.
It has a very clean taste.
Tiruin's ghost barely misses you.
You closely miss Tiruin's ghost.
Tiruin's ghost is lightly damaged.
Tiruin's ghost hits you.
You die...
Your body disappears without a glow.

#.## ### #..#...
##.#.# ##....#
####...### ##
#....#..## #.
##.#####..# #.
#.#######..#
##.## #.
#.....@W..##
#..###.
##...######
#####.##.. .....
..#####.........
####
...............
###...........
#..[........
#...........
#...........
#...........


You could see Tiruin's ghost.

Vanquished Creatures
  2 adders (D:2)
  An ooze (D:1)
  3 worms
  4 dart slugs
  2 leopard geckos
  An orc (D:3)
  A giant cockroach (D:1)
  2 goblins
  3 hobgoblins
  8 jackals
  A ball python (D:1)
  6 bats
  2 frilled lizards
  6 kobolds
  7 rats
49 creatures vanquished.

Notes
Turn   | Place    | Note
-------+----------+-------------------------------------------
     0 | D:1      | CanadianGator the Octopode Skald began the quest for the Orb.
     0 | D:1      | Reached XP level 1. HP: 14/14 MP: 3/3
   213 | D:1      | Reached XP level 2. HP: 16/19 MP: 5/5
   246 | D:1      | Learned a level 2 spell: Song of Slaying
   278 | D:1      | Reached skill level 1 in Stealth
   928 | D:1      | Reached XP level 3. HP: 15/25 MP: 6/6
  2002 | D:2      | Reached XP level 4. HP: 30/30 MP: 7/7
  2676 | D:3      | Found a sparkling altar of Nemelex Xobeh.
  2677 | D:3      | Found an opulent altar of Gozag.
  2693 | D:3      | Became a worshipper of Nemelex Xobeh the Trickster
  2729 | D:3      | Received a gift from Nemelex Xobeh
  2786 | D:3      | Noticed Tiruin's ghost (amateur FoGl)
  2803 | D:3      | Slain by Tiruin's ghost

Skill      XL: |  1  2  3  4 |
---------------+-------------+-----
Stealth        | 1 2 |  2.0
Dodging        | 2 |  2.4
Fighting       | |  2.7
Unarmed Combat | |  2.2
Spellcasting   | |  2.6
Charms         | |  3.1

Action                   |  1- 3 |  4- 6 || total
-------------------------+-------+-------++-------
Melee: Unarmed           |    86 |    55 ||   141
       Constrict         |    24 |    10 ||    34
       Tentacles         |    12 |     4 ||    16
       Punch             |     1 |     2 ||     3
 Cast: Infusion          |     1 |       ||     1
       Song of Slaying   |       |     1 ||     1
Evoke: Deck              |       |     1 ||     1
  Use: Scroll            |     2 |       ||     2
       Potion            |       |     1 ||     1
 Stab: Sleeping          |     6 |       ||     6
  Eat: Chunk             |     3 |     2 ||     5
Armor: Skin              |     8 |     8 ||    16
Dodge: Dodged            |    83 |    45 ||   128
